[Event "Niedersachsen-ch A 2024"]
[Site "Verden Aller"]
[Date "2024.01.04"]
[Round "1.1"]
[White "Carlstedt, Jonathan"]
[Black "Thomas, Jeremy"]
[Result "1-0"]
[ECO "E60"]
[WhiteElo "2447"]
[BlackElo "1893"]
[Annotator "RC"]
[PlyCount "53"]
[EventDate "2024.01.01"]
[EventType "swiss"]
[EventCountry "GER"]
[SourceTitle "playchess.com"]
[Source "ChessBase"]
[SourceQuality "1"]
[TimeControl "40/5400+30:1800+30"]

1. Nf3 Nf6 2. b3 g6 3. Bb2 Bg7 4. g3 O-O 5. Bg2 d6 6. O-O e5 7. c4 Nc6 8. d4 exd4 9. Nxd4 Bd7 10. Nc3 Qc8 11. Nd5 Qd8 12. Rc1 Re8 13. Re1 Ng4 14. Nxc6 Bxc6 15. Bxg7 Kxg7 16. Qd4+ Nf6 17. Rc3 Re5 18. f4 Re8 19. e4 Bxd5 20. cxd5 Kg8 21. Rec1 Rc8 22. e5 Ng4 23. e6 fxe6 24. dxe6 c6 25. Qxa7 Qc7 26. Qd4 Rxe6 27. Bd5 1-0

[Event "Niedersachsen-ch A 2024"]
[Site "Verden Aller"]
[Date "2024.01.04"]
[Round "1.2"]
[White "Langer, Michael S."]
[Black "Schulz, Jens"]
[Result "0-1"]
[ECO "D94"]
[WhiteElo "1888"]
[BlackElo "2152"]
[Annotator "RC"]
[PlyCount "69"]
[EventDate "2024.01.01"]
[EventType "swiss"]
[EventCountry "GER"]
[SourceTitle "playchess.com"]
[Source "ChessBase"]
[SourceQuality "1"]
[TimeControl "40/5400+30:1800+30"]

1. Nf3 d5 2. e3 Nf6 3. c4 c6 4. Nc3 g6 5. b3 Bg7 6. Bb2 O-O 7. d4 Bg4 8. h3 Bxf3 9. Qxf3 e6 10. Bd3 Nbd7 11. O-O Re8 12. Rad1 Qa5 13. a3 a6 14. b4 Qc7 15. cxd5 exd5 16. Rc1 Qd6 17. Rfd1 Nb6 18. Qe2 Re6 19. Ra1 Rae8 20. Rdc1 Bh6 21. Qf1 Nh5 22. Be2 Ng7 23. a4 Rxe3 24. Bg4 R3e7 25. Rd1 Nc4 26. Bc1 Bxc1 27. Raxc1 Qxb4 28. Rd3 Qd6 29. Rb1 b5 30. axb5 axb5 31. Na2 h5 32. Bf3 Ne6 33. Nb4 Ng5 34. g3 Nxf3+ 35. Rxf3 0-1

[Event "Niedersachsen-ch A 2024"]
[Site "Verden Aller"]
[Date "2024.01.04"]
[Round "1.3"]
[White "Hebbinghaus, Holger"]
[Black "Sickmann, Lisa"]
[Result "1/2-1/2"]
[ECO "C47"]
[WhiteElo "2164"]
[BlackElo "1961"]
[Annotator "RC"]
[PlyCount "60"]
[EventDate "2024.01.01"]
[EventType "swiss"]
[EventCountry "GER"]
[SourceTitle "playchess.com"]
[Source "ChessBase"]
[SourceQuality "1"]
[TimeControl "40/5400+30:1800+30"]

1. e4 e5 2. Nf3 Nc6 3. Nc3 Nf6 4. d4 exd4 5. Nxd4 Bb4 6. Nxc6 bxc6 7. Bd3 d5 8. exd5 cxd5 9. O-O O-O 10. h3 h6 11. Qf3 Bb7 12. Bf4 Bd6 13. Rfe1 c5 14. b3 Qb6 15. Na4 Qc7 16. Bxd6 Qxd6 17. Qg3 Qxg3 18. fxg3 Rfc8 19. c4 d4 20. Re5 Nd7 21. Re7 Bc6 22. Bf5 Kf8 23. Rxd7 Bxd7 24. Bxd7 Rc7 25. Bg4 Re8 26. Kf2 Re5 27. Bf3 Ke7 28. Rd1 a5 29. g4 Kd6 30. Nb2 Re3 1/2-1/2

[Event "Niedersachsen-ch A 2024"]
[Site "Verden Aller"]
[Date "2024.01.04"]
[Round "1.4"]
[White "Martin, Sam B"]
[Black "Stotyn, Fabian"]
[Result "0-1"]
[ECO "B29"]
[WhiteElo "1939"]
[BlackElo "2139"]
[Annotator "NA RC"]
[PlyCount "54"]
[EventDate "2024.01.01"]
[EventType "swiss"]
[EventCountry "GER"]
[SourceTitle "playchess.com"]
[Source "ChessBase"]
[SourceQuality "1"]
[TimeControl "40/5400+30:1800+30"]

1. e4 c5 2. Nf3 Nf6 3. Nc3 d5 4. Bb5+ Bd7 5. Bxd7+ Qxd7 6. exd5 Nxd5 7. Nxd5 Qxd5 8. O-O Nc6 9. Re1 e6 10. b3 Be7 11. Bb2 Bf6 12. Bxf6 gxf6 13. Qe2 O-O-O 14. Qe4 Qd6 15. d3 Nb4 16. Re2 Nd5 17. Qh4 Rdg8 18. g3 h5 19. d4 Rg4 20. Qh3 Nf4 21. Qf1 Nxe2+ 22. Qxe2 cxd4 23. h3 Rgg8 24. Qc4+ Kb8 25. Nxd4 Rc8 26. Qa4 Rhd8 27. c3 a6 0-1

[Event "Niedersachsen-ch A 2024"]
[Site "Verden Aller"]
[Date "2024.01.04"]
[Round "1.5"]
[White "Lichtmannecker, Daniel"]
[Black "Vormann, Dirk"]
[Result "1-0"]
[ECO "D00"]
[WhiteElo "2124"]
[BlackElo "1854"]
[Annotator "RC"]
[PlyCount "73"]
[EventDate "2024.01.01"]
[EventType "swiss"]
[EventCountry "GER"]
[SourceTitle "playchess.com"]
[Source "ChessBase"]
[SourceQuality "1"]
[TimeControl "40/5400+30:1800+30"]

1. d4 d5 2. Nc3 Bf5 3. Bf4 c6 4. e3 Nf6 5. f3 e6 6. g4 Bg6 7. h4 h6 8. Bd3 Bxd3 9. Qxd3 Bd6 10. Nge2 Na6 11. O-O-O Qe7 12. Bxd6 Qxd6 13. e4 Qe7 14. e5 Nd7 15. f4 O-O-O 16. f5 f6 17. Nf4 fxe5 18. Ng6 Qf6 19. Nxh8 e4 20. Qg3 Rxh8 21. fxe6 Qxe6 22. Ne2 Nc7 23. Rdf1 Ne8 24. Nf4 Qd6 25. Nh5 Qg6 26. Nf4 Qd6 27. g5 h5 28. Qh3 Nc7 29. Qf5 Kb8 30. Qg6 Ne8 31. Ne6 c5 32. Qf7 cxd4 33. Nxg7 Ne5 34. Nxe8 Qc5 35. Qe6 Nd3+ 36. Kb1 Nb4 37. Qd6+ 1-0

[Event "Niedersachsen-ch A 2024"]
[Site "Verden Aller"]
[Date "2024.01.04"]
[Round "1.6"]
[White "Schiller, Jan-Hendrik"]
[Black "Peters, Tom"]
[Result "0-1"]
[ECO "B50"]
[WhiteElo "1881"]
[BlackElo "2102"]
[Annotator "RC"]
[PlyCount "68"]
[EventDate "2024.01.01"]
[EventType "swiss"]
[EventCountry "GER"]
[SourceTitle "playchess.com"]
[Source "ChessBase"]
[SourceQuality "1"]
[TimeControl "40/5400+30:1800+30"]

1. e4 c5 2. Nf3 d6 3. Bc4 Nc6 4. O-O Nf6 5. d3 e6 6. a4 d5 7. exd5 exd5 8. Re1+ Be7 9. Bb5 O-O 10. h3 Na5 11. Bd2 Bd6 12. b4 cxb4 13. d4 Nc4 14. Bg5 Be7 15. Bxc4 dxc4 16. Nbd2 Be6 17. a5 b5 18. axb6 c3 19. Bxf6 cxd2 20. Rxe6 fxe6 21. b7 Rb8 22. Bxe7 Qxe7 23. Rxa7 Rxb7 24. Ra6 Ra7 25. Rxa7 Qxa7 26. Qxd2 Qa1+ 27. Kh2 Qf1 28. Qe3 Qc4 29. Ng5 h6 30. Nf3 Qxc2 31. Qxe6+ Kh7 32. Qe3 b3 33. Ne1 Qc7+ 34. g3 b2 0-1

[Event "Niedersachsen-ch A 2024"]
[Site "Verden Aller"]
[Date "2024.01.04"]
[Round "1.7"]
[White "Celik, Abdullah"]
[Black "Monnerjahn, Lukas"]
[Result "1-0"]
[ECO "E05"]
[WhiteElo "2081"]
[BlackElo "1856"]
[Annotator "RC"]
[PlyCount "101"]
[EventDate "2024.01.01"]
[EventType "swiss"]
[EventCountry "GER"]
[SourceTitle "playchess.com"]
[Source "ChessBase"]
[SourceQuality "1"]
[TimeControl "40/5400+30:1800+30"]

1. d4 d5 2. c4 e6 3. Nf3 Nf6 4. g3 Be7 5. Bg2 O-O 6. Nbd2 dxc4 7. Nxc4 c5 8. O-O Nc6 9. dxc5 Bxc5 10. Nfe5 Nxe5 11. Nxe5 Qb6 12. Nd3 Be7 13. Be3 Qb5 14. Qc2 Nd5 15. Bc5 Bxc5 16. Qxc5 Qxc5 17. Nxc5 b6 18. Bxd5 exd5 19. Nb3 Ba6 20. Nd4 Rac8 21. Rfc1 Rxc1+ 22. Rxc1 Rc8 23. Rxc8+ Bxc8 24. b4 Kf8 25. Kg2 Ke7 26. Kf3 a6 27. Kf4 Bd7 28. Ke5 Be6 29. Nc6+ Kd7 30. Nb8+ Kc8 31. Nxa6 Kb7 32. b5 d4 33. Kxd4 Bxa2 34. Nb4 Bb3 35. e4 f6 36. f4 Bd1 37. Nd5 Be2 38. Nc3 Bg4 39. e5 fxe5+ 40. Kxe5 g6 41. Kf6 Bf5 42. Ne2 Bd3 43. Nd4 Kc8 44. g4 Kd7 45. Ke5 Ke7 46. f5 gxf5 47. gxf5 Kd7 48. f6 Ke8 49. Nf5 Kf7 50. Nd6+ Kf8 51. Kd5 1-0

[Event "Niedersachsen-ch A 2024"]
[Site "Verden Aller"]
[Date "2024.01.04"]
[Round "1.8"]
[White "Harms, Friedjof"]
[Black "Lau, Udo"]
[Result "0-1"]
[ECO "B13"]
[WhiteElo "1844"]
[BlackElo "2071"]
[Annotator "NA RC"]
[PlyCount "56"]
[EventDate "2024.01.01"]
[EventType "swiss"]
[EventCountry "GER"]
[SourceTitle "playchess.com"]
[Source "ChessBase"]
[SourceQuality "1"]
[TimeControl "40/5400+30:1800+30"]

1. e4 c6 2. d4 d5 3. exd5 cxd5 4. Bd3 Nf6 5. c3 g6 6. Bf4 Nc6 7. Nd2 Bg7 8. Ngf3 Nh5 9. Bg3 Nxg3 10. hxg3 Qd6 11. O-O O-O 12. Re1 Bd7 13. Qe2 f6 14. c4 e6 15. a3 Rae8 16. Nf1 f5 17. Qe3 f4 18. gxf4 Qxf4 19. cxd5 exd5 20. Qxf4 Rxf4 21. Rxe8+ Bxe8 22. Re1 Bd7 23. Ne3 Nxd4 24. Nxd5 Rxf3 25. gxf3 Nxf3+ 26. Kf1 Nxe1 27. Kxe1 Bxb2 28. Bc4 Kg7 0-1

[Event "Niedersachsen-ch A 2024"]
[Site "Verden Aller"]
[Date "2024.01.04"]
[Round "1.9"]
[White "Nielsen, Lars Aaes"]
[Black "Lehmkuhl, Stefan"]
[Result "1-0"]
[ECO "B02"]
[WhiteElo "2202"]
[BlackElo "1839"]
[Annotator "RC"]
[PlyCount "121"]
[EventDate "2024.01.01"]
[EventType "swiss"]
[EventCountry "GER"]
[SourceTitle "playchess.com"]
[Source "ChessBase"]
[SourceQuality "1"]
[TimeControl "40/5400+30:1800+30"]

1. e4 Nf6 2. Nc3 d5 3. e5 d4 4. exf6 dxc3 5. fxg7 cxd2+ 6. Qxd2 Qxd2+ 7. Bxd2 Bxg7 8. O-O-O Bg4 9. f3 Be6 10. Kb1 Nd7 11. Ne2 Nb6 12. Nf4 Bd7 13. Nh5 Be5 14. Bd3 O-O-O 15. Rde1 f6 16. Ng3 Na4 17. f4 Bd6 18. Ne4 Nc5 19. Nxd6+ exd6 20. Bc4 f5 21. Bc3 Rhe8 22. Bf7 Rxe1+ 23. Rxe1 Ne4 24. Bg7 c6 25. Re3 Be8 26. Bg8 Bg6 27. Be6+ Kc7 28. g4 Re8 29. gxf5 Nd2+ 30. Kc1 Bxf5 31. Bxf5 Rxe3 32. Kxd2 Rf3 33. Bh6 Rf2+ 34. Ke3 Rxh2 35. Bg5 h6 36. Be7 Rh1 37. Kf3 Rf1+ 38. Kg3 Rg1+ 39. Kf3 Rf1+ 40. Kg4 Rg1+ 41. Kh5 Rf1 42. Kxh6 Rxf4 43. Kg5 Rf1 44. Bf8 a5 45. Kf6 Re1 46. Bh6 a4 47. Bd2 Rd1 48. Bc3 a3 49. bxa3 d5 50. Be5+ Kb6 51. Ke6 Rf1 52. Bd3 Rh1 53. Bf4 Ra1 54. Kd6 Ka7 55. Be3+ Kb8 56. Kc5 Rxa2 57. Bc1 Ra1 58. Bb2 Ra2 59. Be5+ Ka7 60. Kb4 c5+ 61. Kb3 1-0

[Event "Niedersachsen-ch A 2024"]
[Site "Verden Aller"]
[Date "2024.01.04"]
[Round "1.10"]
[White "Behn, Cord"]
[Black "Jacobi, Felix-Hagen"]
[Result "0-1"]
[ECO "A41"]
[WhiteElo "1837"]
[BlackElo "2056"]
[Annotator "RC"]
[PlyCount "88"]
[EventDate "2024.01.01"]
[EventType "swiss"]
[EventCountry "GER"]
[SourceTitle "playchess.com"]
[Source "ChessBase"]
[SourceQuality "1"]
[TimeControl "40/5400+30:1800+30"]

1. c4 e5 2. Nc3 Nc6 3. Nf3 d6 4. d4 Bg4 5. dxe5 dxe5 6. Qxd8+ Rxd8 7. Bd2 Bb4 8. O-O-O Nge7 9. a3 Bxc3 10. Bxc3 Rxd1+ 11. Kxd1 f6 12. h3 Be6 13. e3 Kf7 14. Kc2 Bf5+ 15. Kc1 Rd8 16. Be2 Nc8 17. c5 a6 18. Bc4+ Be6 19. Bxe6+ Kxe6 20. Rd1 Rxd1+ 21. Kxd1 Kd5 22. b4 a5 23. Nd2 axb4 24. axb4 N8a7 25. Kc2 Nb5 26. Kb3 Ne7 27. e4+ Kc6 28. Bb2 Ng6 29. g3 Nf8 30. Kc4 Ne6 31. Nf3 b6 32. Bxe5 bxc5 33. Bc3 Nd6+ 34. Kd3 c4+ 35. Ke3 Nb5 36. Bb2 Kd6 37. e5+ fxe5 38. Bxe5+ Kd5 39. Bb2 c3 40. Bc1 Kc4 41. Ne5+ Kxb4 42. f4 Kb3 43. f5 Ned4 44. Ke4 Ne2 0-1

[Event "Niedersachsen-ch A 2024"]
[Site "Verden Aller"]
[Date "2024.01.04"]
[Round "1.12"]
[White "Aden, Keno"]
[Black "Miljkovic, Jovana"]
[Result "0-1"]
[ECO "E04"]
[WhiteElo "1832"]
[BlackElo "2035"]
[Annotator "RC"]
[PlyCount "106"]
[EventDate "2024.01.01"]
[EventType "swiss"]
[EventCountry "GER"]
[SourceTitle "playchess.com"]
[Source "ChessBase"]
[SourceQuality "1"]
[TimeControl "40/5400+30:1800+30"]

1. d4 Nf6 2. Nf3 d5 3. c4 e6 4. g3 dxc4 5. Bg2 a6 6. a4 Nc6 7. O-O Rb8 8. Na3 b5 9. Bg5 Bxa3 10. bxa3 h6 11. Bxf6 Qxf6 12. e3 O-O 13. Qc2 e5 14. d5 Bf5 15. Qc3 Be4 16. Nd2 Bxg2 17. Kxg2 Ne7 18. e4 c6 19. dxc6 Nxc6 20. axb5 axb5 21. a4 b4 22. Qxc4 Nd4 23. Rfc1 b3 24. Rab1 Rb6 25. Rc3 Qg6 26. f3 Rc6 27. Qd3 Rxc3 28. Qxc3 Qa6 29. Qc4 Qxc4 30. Nxc4 Rc8 31. Ne3 Ra8 32. f4 exf4 33. gxf4 Rxa4 34. Rb2 Ra2 35. Nc4 Rxb2+ 36. Nxb2 Kf8 37. Kf2 Ke7 38. Ke3 Ne6 39. h4 g6 40. Nd3 Kd6 41. Kd2 Nc5 42. Nf2 h5 43. Kc3 Kc6 44. Nd1 Nxe4+ 45. Kxb3 Nd2+ 46. Kc3 Nf3 47. Kd3 Nxh4 48. Ne3 Nf5 49. Nc4 Kd5 50. Ne5 Ke6 51. Ke4 Nd6+ 52. Kf3 g5 53. Nd3 g4+ 0-1

[Event "Niedersachsen-ch A 2024"]
[Site "Verden Aller"]
[Date "2024.01.04"]
[Round "1.13"]
[White "Witthaus, Joerg"]
[Black "Wilmink, Anna"]
[Result "1/2-1/2"]
[ECO "B22"]
[WhiteElo "2029"]
[BlackElo "1822"]
[Annotator "NA RC"]
[PlyCount "55"]
[EventDate "2024.01.01"]
[EventType "swiss"]
[EventCountry "GER"]
[SourceTitle "playchess.com"]
[Source "ChessBase"]
[SourceQuality "1"]
[TimeControl "40/5400+30:1800+30"]

1. e4 c5 2. Nf3 Nf6 3. e5 Nd5 4. c3 Nc6 5. Bc4 e6 6. O-O d6 7. d4 dxe5 8. dxe5 Be7 9. Qe2 Qc7 10. Rd1 Nb6 11. Bb3 Nd7 12. Bf4 a6 13. a4 Qb6 14. Bc4 h6 15. Na3 Qc7 16. Bg3 Nb6 17. Bb3 Bd7 18. Nc4 Nxc4 19. Bxc4 Na5 20. Nd2 Nxc4 21. Nxc4 O-O 22. Rxd7 Qxd7 23. Nb6 Qc6 24. Nxa8 Rxa8 25. h3 Rd8 26. Bf4 c4 27. Qc2 Rd5 28. b3 1/2-1/2

[Event "Niedersachsen-ch A 2024"]
[Site "Verden Aller"]
[Date "2024.01.04"]
[Round "1.15"]
[White "Martin, Dennis"]
[Black "Kelemen, Alexander"]
[Result "1/2-1/2"]
[ECO "E05"]
[WhiteElo "1991"]
[BlackElo "1817"]
[Annotator "NA RC"]
[PlyCount "83"]
[EventDate "2024.01.01"]
[EventType "swiss"]
[EventCountry "GER"]
[SourceTitle "playchess.com"]
[Source "ChessBase"]
[SourceQuality "1"]
[TimeControl "40/5400+30:1800+30"]

1. d4 Nf6 2. c4 e6 3. Nf3 d5 4. g3 Be7 5. Bg2 O-O 6. O-O dxc4 7. a4 Bd7 8. Qc2 Bc6 9. Qxc4 Bd5 10. Qc3 Nbd7 11. Bf4 c5 12. Rd1 Rc8 13. Nbd2 cxd4 14. Qxd4 Bc5 15. Qd3 Qe7 16. e4 Bc6 17. h3 e5 18. Be3 Rfd8 19. Nh4 Nf8 20. Qe2 Bxe3 21. Qxe3 g6 22. b3 Ne6 23. Nc4 Qc5 24. Re1 Rd4 25. Rac1 Rcd8 26. Nf3 Rxe4 27. Qxc5 Nxc5 28. Nfxe5 Rxe1+ 29. Rxe1 Bxg2 30. Kxg2 Nxb3 31. Rb1 Nc5 32. Rb5 b6 33. a5 Nd5 34. axb6 axb6 35. Nxb6 Nxb6 36. Rxb6 Re8 37. f4 Re7 38. Rc6 Ne6 39. Ng4 Kg7 40. Rd6 h5 41. Ne5 h4 42. Rd7 1/2-1/2

[Event "Niedersachsen-ch A 2024"]
[Site "Verden Aller"]
[Date "2024.01.04"]
[Round "1.17"]
[White "Loecken, Siegfried"]
[Black "Stummeyer, Dieter"]
[Result "1-0"]
[ECO "B24"]
[WhiteElo "2014"]
[BlackElo "1804"]
[Annotator "NA RC"]
[PlyCount "79"]
[EventDate "2024.01.01"]
[EventType "swiss"]
[EventCountry "GER"]
[SourceTitle "playchess.com"]
[Source "ChessBase"]
[SourceQuality "1"]
[TimeControl "40/5400+30:1800+30"]

1. e4 c5 2. Nc3 Nc6 3. g3 g6 4. Bg2 Bg7 5. d3 e5 6. Nge2 Nge7 7. O-O O-O 8. Rb1 d6 9. a3 a5 10. Nb5 Be6 11. c4 f5 12. Nec3 Rc8 13. Nd5 h6 14. Bh3 Nd4 15. Nxd4 cxd4 16. b4 Bxd5 17. exd5 Rb8 18. bxa5 Qxa5 19. Rb5 Qc7 20. Qb3 Kh7 21. Bd2 Rf7 22. Rb1 Ng8 23. Ba5 Qe7 24. c5 dxc5 25. d6 Qf6 26. Bc7 Re8 27. Rb6 Rd7 28. Bg2 e4 29. dxe4 fxe4 30. Bh3 Rf7 31. Rf1 c4 32. Qxc4 e3 33. fxe3 Qe5 34. Rxf7 Qxe3+ 35. Kh1 Nf6 36. Rxf6 Bxf6 37. Qf7+ Bg7 38. d7 Rf8 39. Qxg6+ Kh8 40. Rb1 1-0

[Event "Niedersachsen-ch A 2024"]
[Site "Verden Aller"]
[Date "2024.01.04"]
[Round "1.18"]
[White "Drygala, Lars"]
[Black "Weigand, Anton"]
[Result "1/2-1/2"]
[ECO "D02"]
[WhiteElo "1869"]
[BlackElo "2013"]
[Annotator "NA RC"]
[PlyCount "82"]
[EventDate "2024.01.01"]
[EventType "swiss"]
[EventCountry "GER"]
[SourceTitle "playchess.com"]
[Source "ChessBase"]
[SourceQuality "1"]
[TimeControl "40/5400+30:1800+30"]

1. d4 d5 2. Nf3 Nf6 3. Bf4 c5 4. e3 Nc6 5. Be2 Qb6 6. b3 e6 7. O-O Ne4 8. c4 cxd4 9. cxd5 exd5 10. Nxd4 Nxd4 11. Qxd4 Qxd4 12. Bb5+ Bd7 13. Bxd7+ Kxd7 14. exd4 Rc8 15. f3 Nc3 16. Nxc3 Rxc3 17. Rac1 Bb4 18. a3 Ba5 19. b4 Rxc1 20. Rxc1 Bb6 21. Be3 Re8 22. Kf2 f5 23. g3 a6 24. a4 Re6 25. Rc2 g6 26. Rc1 Re8 27. Rc2 Bc7 28. Bf4 Bxf4 29. gxf4 Kd6 30. Rc3 Rg8 31. h4 Kd7 32. Rc2 Rc8 33. Rxc8 Kxc8 34. Kg3 a5 35. b5 Kd7 36. Kh3 Ke6 37. Kg3 Kf6 38. Kh3 Kg7 39. Kg3 Kh6 40. Kh3 Kh5 41. Kg3 Kh6 1/2-1/2

[Event "Niedersachsen-ch A 2024"]
[Site "Verden Aller"]
[Date "2024.01.04"]
[Round "1.19"]
[White "Kiesel, Lucas"]
[Black "Moerke, Niklas"]
[Result "1-0"]
[ECO "D37"]
[WhiteElo "1987"]
[BlackElo "1800"]
[Annotator "NA RC"]
[PlyCount "111"]
[EventDate "2024.01.01"]
[EventType "swiss"]
[EventCountry "GER"]
[SourceTitle "playchess.com"]
[Source "ChessBase"]
[SourceQuality "1"]
[TimeControl "40/5400+30:1800+30"]

1. d4 d5 2. c4 e6 3. Nf3 Nf6 4. Nc3 Be7 5. Bf4 O-O 6. a3 c6 7. e3 Nh5 8. Be5 Nd7 9. Bd3 dxc4 10. Bxc4 Nxe5 11. dxe5 Qxd1+ 12. Rxd1 g6 13. Nd4 Ng7 14. g4 Ne8 15. Ne4 Nc7 16. g5 c5 17. Nb5 Nxb5 18. Bxb5 a6 19. Bd7 Rd8 20. Bxc8 Raxc8 21. Ke2 Rd5 22. f4 Rcd8 23. Nc3 Rxd1 24. Rxd1 Rxd1 25. Nxd1 h6 26. gxh6 Kh7 27. Kd3 Kxh6 28. a4 g5 29. Nf2 Kg6 30. Ne4 g4 31. Nd6 b6 32. e4 f6 33. f5+ exf5 34. exf5+ Kg5 35. Nc8 Bd8 36. e6 Kxf5 37. e7 Bxe7 38. Nxe7+ Ke5 39. a5 bxa5 40. Nc6+ Kf4 41. Ke2 f5 42. Nxa5 Ke4 43. Nb3 Kd5 44. Ke3 f4+ 45. Kxf4 Kc4 46. Nxc5 Kxc5 47. Kxg4 Kb4 48. h4 Kb3 49. h5 a5 50. h6 Kxb2 51. h7 a4 52. h8=Q+ Ka2 53. Qg8+ Kb2 54. Qb8+ Ka2 55. Qb4 a3 56. Kf3 1-0

[Event "Niedersachsen-ch A 2024"]
[Site "Verden Aller"]
[Date "2024.01.04"]
[Round "1.20"]
[White "Stiller, Maximilian"]
[Black "Stoy, Ulf"]
[Result "0-1"]
[ECO "B06"]
[WhiteElo "1786"]
[BlackElo "1985"]
[Annotator "RC"]
[PlyCount "118"]
[EventDate "2024.01.01"]
[EventType "swiss"]
[EventCountry "GER"]
[SourceTitle "playchess.com"]
[Source "ChessBase"]
[SourceQuality "1"]
[TimeControl "40/5400+30:1800+30"]

1. Nf3 g6 2. d4 Bg7 3. e4 d6 4. Nc3 c6 5. Be3 b5 6. Bd3 Nd7 7. Qd2 Qc7 8. a3 a6 9. O-O Ngf6 10. Bh6 O-O 11. Rfe1 e5 12. Rad1 Bb7 13. Bxg7 Kxg7 14. Bf1 Rae8 15. dxe5 dxe5 16. Qg5 h6 17. Qe3 Re7 18. h3 Rfe8 19. Rd2 Qb6 20. Qxb6 Nxb6 21. Rd6 Nc8 22. Rd2 c5 23. Nd5 Bxd5 24. exd5 Nd6 25. Nh2 Nd7 26. a4 f5 27. axb5 axb5 28. Ra1 Rb8 29. Ra7 Kf6 30. Rd1 Rb6 31. Rda1 Nb8 32. Nf3 Rxa7 33. Rxa7 e4 34. Nd2 c4 35. h4 Ke5 36. h5 gxh5 37. Rh7 Kxd5 38. Rxh6 Ra6 39. Rxh5 Nd7 40. b3 Ra1 41. Rh3 Rd1 42. bxc4+ bxc4 43. Nb3 cxb3 44. cxb3 Ne5 45. Rc3 f4 46. b4 Nec4 47. f3 Kd4 48. Rc2 Nd2 49. fxe4 N6xe4 50. b5 Nxf1 51. g4 Ne3+ 52. Kh2 Nxc2 53. b6 Ng5 54. b7 Rb1 55. b8=Q Rxb8 56. Kg2 Ne3+ 57. Kf2 Rb2+ 58. Kg1 Nf3+ 59. Kh1 Rh2# 0-1

[Event "Niedersachsen-ch A 2024"]
[Site "Verden Aller"]
[Date "2024.01.04"]
[Round "1.21"]
[White "Koch, Yannick"]
[Black "ter Stal, Lars"]
[Result "1-0"]
[ECO "E35"]
[WhiteElo "1981"]
[BlackElo "1770"]
[Annotator "RC"]
[PlyCount "108"]
[EventDate "2024.01.01"]
[EventType "swiss"]
[EventCountry "GER"]
[SourceTitle "playchess.com"]
[Source "ChessBase"]
[SourceQuality "1"]
[TimeControl "40/5400+30:1800+30"]

1. d4 Nf6 2. c4 e6 3. Nc3 Bb4 4. Qc2 d5 5. cxd5 exd5 6. Bg5 O-O 7. e3 Re8 8. Bd3 h6 9. Bh4 c5 10. Nge2 Nc6 11. O-O Be6 12. dxc5 Bxc5 13. Nb5 Be7 14. Qa4 Ne5 15. Rfd1 a6 16. Nbd4 b5 17. Qb3 Nfd7 18. Bxe7 Qxe7 19. Bc2 Qh4 20. Ng3 Ng4 21. Nf3 Qf6 22. Nh5 Qe7 23. Rac1 d4 24. Qd3 g6 25. h3 Nge5 26. Nxe5 Nxe5 27. Qxd4 Bxh3 28. Qf4 gxh5 29. Qxh6 Qe6 30. Bh7+ Kh8 31. Bg6+ Kg8 32. Qh7+ Kf8 33. Qh8+ Ke7 34. Rc7+ Nd7 35. Rcxd7+ Qxd7 36. Rxd7+ Bxd7 37. Qe5+ Be6 38. Bxh5 Rac8 39. Qg5+ Kd7 40. Qf6 Bxa2 41. Bg4+ Be6 42. Qxf7+ Kd6 43. Qf4+ Kd7 44. Qd4+ Kc6 45. Bf3+ Kc7 46. Qc5+ Kd8 47. Qd6+ Bd7 48. Qf6+ Re7 49. Qb6+ Rc7 50. Bd5 Bc8 51. e4 Kd7 52. g3 Rc1+ 53. Kg2 Rh7 54. e5 Ke8 1-0

[Event "Niedersachsen-ch A 2024"]
[Site "Verden Aller"]
[Date "2024.01.04"]
[Round "1.22"]
[White "Aden, Dagmar"]
[Black "Kiesel, Harald"]
[Result "1/2-1/2"]
[ECO "A47"]
[WhiteElo "1766"]
[BlackElo "1975"]
[Annotator "RC"]
[PlyCount "92"]
[EventDate "2024.01.01"]
[EventType "swiss"]
[EventCountry "GER"]
[SourceTitle "playchess.com"]
[Source "ChessBase"]
[SourceQuality "1"]
[TimeControl "40/5400+30:1800+30"]

1. Nf3 d5 2. g3 Nf6 3. Bg2 e6 4. d4 Be7 5. O-O O-O 6. Nbd2 c5 7. c3 b6 8. Ne5 Bb7 9. Ndf3 Nbd7 10. Bg5 Rc8 11. Nxd7 Nxd7 12. Bxe7 Qxe7 13. a4 a6 14. e3 Rfd8 15. Qe2 h6 16. Rfd1 Qf6 17. Ne1 Rc7 18. e4 dxe4 19. Bxe4 Bxe4 20. Qxe4 cxd4 21. Qxd4 Rdc8 22. Qxf6 Nxf6 23. Nf3 Kf8 24. Ne5 Ke7 25. Rd4 Nd5 26. Re1 f6 27. Nd3 Kf7 28. Nb4 Nxb4 29. Rxb4 Rc6 30. Rd1 Ke7 31. Rbd4 R8c7 32. Kg2 e5 33. Rd5 Ke6 34. Kf3 Rb7 35. R1d2 h5 36. h4 g6 37. Ke3 a5 38. f4 exf4+ 39. Kxf4 Rc4+ 40. R5d4 Rxd4+ 41. Rxd4 b5 42. axb5 Rxb5 43. Rd2 Rc5 44. Rd4 Rb5 45. Rd2 Rc5 46. Rd4 Rb5 1/2-1/2

[Event "Niedersachsen-ch A 2024"]
[Site "Verden Aller"]
[Date "2024.01.04"]
[Round "1.23"]
[White "Kieselbach, Marvin"]
[Black "Trunz, Tamila"]
[Result "1-0"]
[ECO "B22"]
[WhiteElo "1926"]
[BlackElo "1766"]
[Annotator "RC"]
[PlyCount "85"]
[EventDate "2024.01.01"]
[EventType "swiss"]
[EventCountry "GER"]
[SourceTitle "playchess.com"]
[Source "ChessBase"]
[SourceQuality "1"]
[TimeControl "40/5400+30:1800+30"]

1. e4 c5 2. c3 e6 3. d4 d5 4. exd5 exd5 5. Nf3 Nc6 6. Bb5 Bg4 7. dxc5 Bxc5 8. O-O Nf6 9. Nbd2 O-O 10. h3 Bh5 11. Nb3 Be7 12. Be3 Ne4 13. Be2 f5 14. Nfd4 Bxe2 15. Nxe2 g5 16. f3 f4 17. fxe4 fxe3 18. Rxf8+ Bxf8 19. exd5 Ne5 20. Qd4 Bg7 21. Qe4 Qb6 22. Nbd4 Rf8 23. b3 g4 24. Ne6 Rf2 25. N2d4 gxh3 26. gxh3 Qd6 27. Nf4 Qf6 28. Rf1 Qh4 29. Rxf2 Qxf2+ 30. Kh1 Qe1+ 31. Kh2 Qf2+ 32. Ng2 Ng6 33. Qe8+ Bf8 34. Qe6+ Kh8 35. d6 Nh4 36. Qe5+ Bg7 37. Qe8+ Bf8 38. Qe5+ Bg7 39. Qg3 Nxg2 40. Qxf2 exf2 41. Kxg2 Kg8 42. d7 Bf6 43. Ne6 1-0

[Event "Niedersachsen-ch A 2024"]
[Site "Verden Aller"]
[Date "2024.01.04"]
[Round "1.24"]
[White "Nuerenberg, Marius"]
[Black "Reins, Henning"]
[Result "0-1"]
[ECO "B12"]
[WhiteElo "1764"]
[BlackElo "1950"]
[Annotator "RC"]
[PlyCount "54"]
[EventDate "2024.01.01"]
[EventType "swiss"]
[EventCountry "GER"]
[SourceTitle "playchess.com"]
[Source "ChessBase"]
[SourceQuality "1"]
[TimeControl "40/5400+30:1800+30"]

1. e4 c6 2. d4 d5 3. e5 c5 4. dxc5 e6 5. Be3 Nh6 6. Nf3 Nf5 7. Bd4 Nxd4 8. Qxd4 Qc7 9. b4 a5 10. c3 axb4 11. cxb4 b6 12. cxb6 Qc1+ 13. Qd1 Qb2 14. Nbd2 Bxb4 15. Rc1 Bd7 16. b7 Rxa2 17. Rc8+ Ke7 18. Rxh8 Ra1 19. Be2 Rxd1+ 20. Bxd1 Bxd2+ 21. Nxd2 Qxe5+ 22. Be2 Bb5 23. O-O Bxe2 24. Re1 Nc6 25. Rc8 Kd7 26. Nf3 Qb2 27. Rc1 Qxc1+ 0-1